 Dungeon Crawl Stone Soup version 0.21-a0-94-gdd6ab6a (webtiles) character file.

382 Gorglomux the Sneak (level 6, -4/28 HPs)
             Began as a Spriggan Venom Mage on July 1, 2017.
             Slain by a centaur (8 damage)
             ... on level 4 of the Dungeon.
             The game lasted 00:07:22 (5468 turns).

Gorglomux the Sneak (Spriggan Venom Mage)           Turns: 5468, Time: 00:07:23

Health: -4/28      AC:  2    Str:  4    XL:     6   Next: 47%
Magic:  5/11       EV: 22    Int: 16    God:
Gold:   157        SH:  0    Dex: 19    Spells: 7/10 levels left

rFire    . . .     SeeInvis +   g - +0 dagger (curse)
rCold    . . .     Gourm    .   (shield restricted)
rNeg     . . .     Faith    .   a - +0 robe
rPois    .         Spirit   .   (helmet restricted)
rElec    .         Reflect  .   (no cloak)
rCorr    .         Harm     .   (gloves unavailable)
MR       ++...                  (boots unavailable)
Stlth    ++++......             x - amulet of rage
HPRegen  0.09/turn              m - ring of protection from magic
MPRegen  0.12/turn              (no ring)

@: very slightly contaminated, very quick
A: unfitting armour, see invisible, herbivore 3, speed 3, slow metabolism 2
a: Evoke Berserk Rage


You were on level 4 of the Dungeon.
You were not hungry.

You visited 1 branch of the dungeon, and saw 4 of its levels.

You collected 157 gold pieces.

Inventory:

Hand Weapons
 g - a cursed +0 dagger (weapon)
 y - a +1 dagger of venom
 V - a +1 dagger of speed
Missiles
 r - 34 arrows
 u - 47 sling bullets
Armour
 a - a +0 robe (worn)
Magical Staves
 p - an uncursed staff of summoning {unknown}
Jewellery
 m - a ring of protection from magic (left hand)
 x - an amulet of rage (around neck)
Scrolls
 v - a scroll of enchant weapon
 R - 2 scrolls of identify
 T - 5 scrolls of teleportation
 Y - a scroll of fear {unknown}
Potions
 e - 2 potions of brilliance
 f - a potion of ambrosia
 i - 2 potions of degeneration
 j - a potion of curing {unknown}
 q - a potion of resistance {unknown}
 s - a potion of mutation {unknown}
 U - a potion of lignification {unknown}
Books
 b - a Young Poisoner's Handbook

   Spells                             Type                      Level
   a - Sting                          Conjuration/Poison           1
   b - Poisonous Vapours              Poison/Air                   2
   c - Mephitic Cloud                 Conjuration/Poison/Air       3
   d - Olgreb's Toxic Radiance        Poison                       4
   e - Venom Bolt                     Conjuration/Poison           5
Comestibles
 W - a bread ration
 X - 2 fruits


   Skills:
 + Level 4.0 Short Blades
 + Level 6.2 Dodging
 + Level 6.7 Stealth
 - Level 2.6 Spellcasting
 - Level 0.6 Conjurations
 - Level 3.0 Poison Magic


You had 7 spell levels left.
You knew the following spells:

 Your Spells              Type           Power        Failure   Level  Hunger
a - Sting                 Conj/Pois      #...         10%         1    #......
b - Poisonous Vapours     Pois/Air       #.....       16%         2    ##.....


Dungeon Overview and Level Annotations

Branches:
Dungeon (4/15)
 Temple: D:4-7

Altars:
Fedhas
Wu Jian


Innate Abilities, Weirdness & Mutations

You are very small and have problems with some larger weapons.
You are too small for most types of armour.
You have supernaturally acute eyesight. (SInv)
You are a herbivore.
You cover ground extremely quickly.
You need consume almost no food.


Message History

The centaur misses you.
You see here an arrow.
Casting: Poisonous Vapours
Confirm with . or Enter, or press ? or * to list all spells.
Aiming: Poisonous Vapours
Press: ? - help, Dir - move target cursor, f/p - centaur
Aim: a centaur (heavily wounded, poisoned)
You miscast Poisonous Vapours.
You are very lightly contaminated with residual magic.
You hear a crackling sound.
The centaur hits you.
* * * LOW HITPOINT WARNING * * *
Casting: Poisonous Vapours
Confirm with . or Enter, or press ? or * to list all spells.
Aiming: Poisonous Vapours
Press: ? - help, Dir - move target cursor, f/p - centaur
Aim: a centaur (heavily wounded, poisoned) Poisonous vapours surround the centaur!
The centaur is engulfed in poison gas.
The centaur looks even sicker.
The centaur hits you!
You die...

........# #########
#### ...# ######...
##.# #c...'... ##.#
#@### .#.# #...#
.#.# ###.# .#.# #.#
.#.# #.#
.#.###############.#
.#...............).#
.###################
.#


You could see a centaur.

Vanquished Creatures
  A howler monkey (D:4)
  2 orc priests
  A hound (D:4)
  2 orc wizards (D:3)
  The ghost of murphy the Chopper, a weakling MiBe of Trog (D:3)
  A hound skeleton (D:4)
  7 adders
  2 oozes
  3 worms
  2 dart slugs
  A leopard gecko (D:4)
  11 orcs
  3 giant cockroaches
  9 goblins
  5 hobgoblins
  3 jackals (D:1)
  9 kobolds
  2 quokkas
  5 bats
  4 frilled lizards
  A jackal zombie (D:4)
  9 rats
84 creatures vanquished.

Notes
Turn   | Place    | Note
-------+----------+-------------------------------------------
     0 | D:1      | Gorglomux the Spriggan Venom Mage began the quest for the Orb.
     0 | D:1      | Reached XP level 1. HP: 9/9 MP: 5/5
    49 | D:1      | You fall through a shaft!
   182 | D:2      | Found a blossoming altar of Fedhas.
   272 | D:1      | Reached XP level 2. HP: 13/13 MP: 1/6
   767 | D:1      | Reached skill level 1 in Short Blades
  1093 | D:1      | Reached XP level 3. HP: 11/16 MP: 1/8
  1474 | D:2      | Learned a level 2 spell: Poisonous Vapours
  2559 | D:2      | Reached XP level 4. HP: 18/21 MP: 7/9
  3261 | D:3      | Noticed murphy's ghost (weakling MiBe)
  3701 | D:3      | Killed murphy's ghost
  3702 | D:3      | Reached XP level 5. HP: 21/24 MP: 7/10
  3871 | D:3      | Reached skill level 3 in Short Blades
  4178 | D:3      | Reached skill level 6 in Stealth
  4760 | D:4      | Reached XP level 6. HP: 21/28 MP: 1/11
  4946 | D:4      | Reached skill level 6 in Dodging
  5240 | D:4      | Found an ornate altar of the Wu Jian Council.
  5468 | D:4      | Slain by a centaur

Vault maps used:
D:1:      lemuel_arrival_room
D:2:      fedhas_altar_3
D:4:      lemuel_doored_altar, first_bread, uniq_pikel

Skill      XL: |  1  2  3  4  5  6 |
---------------+-------------------+-----
Short Blades   | 1 2 3 4 |  4.0
Dodging        | 4 5 6 |  6.2
Stealth        | 4 5 6 |  6.7
Spellcasting   | |  2.6
Conjurations   | |  0.6
Poison Magic   | |  3.0

Action                   |  1- 3 |  4- 6 || total
-------------------------+-------+-------++-------
Melee: Dagger            |    90 |    71 ||   161
 Cast: Sting             |    87 |    73 ||   160
       Poisonous Vapours |     1 |    36 ||    37
 Abil: Evoke Berserk Rag |       |     1 ||     1
  Use: Scroll            |       |    10 ||    10
 Stab: Sleeping          |     3 |     1 ||     4
  Eat: Fruit             |       |     1 ||     1
       Bread ration      |       |     1 ||     1
Armor: Robe              |    11 |     1 ||    12
Dodge: Dodged            |    89 |    76 ||   165
